 Dungeon Crawl Stone Soup version 0.21.0-3-g78d12a8bdd (webtiles) character file.

7788 Jannitor the Arsonist (level 11, -8/54 HPs)
             Began as a Halfling Fire Elementalist on Jan 10, 2018.
             Was a Believer of Hepliaklqana.
             Killed from afar by a bullfrog skeleton (37 damage)
             ... with an exploding inner flame
             ... animated by the player character
             ... hexed by the player character
             ... on level 1 of the Lair of Beasts.
             The game lasted 00:35:44 (12895 turns).

Jannitor the Arsonist (Halfling Fire Elementalist) Turns: 12895, Time: 00:35:44

Health: -8/54      AC:  5    Str:  9    XL:     11   Next: 43%
Magic:  3/23       EV: 17    Int: 16    God:    Hepliaklqana [**....]
Gold:   190        SH:  4    Dex: 16    Spells: 17/26 levels left

rFire    . . .     SeeInvis .   N - +0 short sword (venom)
rCold    + . .     Gourm    .   (shield restricted)
rNeg     . . .     Faith    .   p - +1 robe {rC+}
rPois    +         Spirit   .   (no helmet)
rElec    .         Reflect  +   (no cloak)
rCorr    .         Harm     .   (no gloves)
MR       .....                  t - +1 pair of boots
Stlth    ++........             y - +4 amulet of reflection
HPRegen  0.18/turn              e - +2 ring of evasion
MPRegen  0.18/turn              E - ring of poison resistance

@: very slightly contaminated
A: small, reduced essence, mutation resistance 1
a: Recall Ancestor, Ancestor Identity, Renounce Religion


You were on level 1 of the Lair of Beasts.
You worshipped Hepliaklqana.
Hepliaklqana was pleased with you.
You were not hungry.

You visited 3 branches of the dungeon, and saw 11 of its levels.
You also visited: Ossuary.

You collected 540 gold pieces.
You spent 350 gold pieces at shops.

Inventory:

Hand Weapons
 f - a +0 hunting sling
 J - a +0 rapier
 N - a +0 short sword of venom (weapon)
Missiles
 g - 23 sling bullets
 j - 289 stones (quivered)
Armour
 p - a +1 robe of cold resistance (worn)
 t - a +1 pair of boots (worn)
 M - a +2 robe
Jewellery
 e - a +2 ring of evasion (left hand)
 y - a +4 amulet of reflection (around neck)
 E - a ring of poison resistance (right hand)
Wands
 A - a wand of iceblast (10)
 D - a wand of flame (98)
 H - a wand of acid (7)
 I - a wand of paralysis (17)
Scrolls
 d - 7 scrolls of remove curse
 k - 2 scrolls of immolation
 o - 8 scrolls of identify
 s - 2 scrolls of fog
 u - 4 scrolls of teleportation
 B - a scroll of enchant armour
Potions
 h - 9 potions of curing
 i - 2 potions of heal wounds
 m - 2 potions of invisibility
 n - a potion of might
 q - 3 potions of brilliance
 r - 2 potions of flight {unknown}
 v - a potion of magic {unknown}
 w - a potion of lignification
 z - a potion of agility {unknown}
 C - a potion of berserk rage {unknown}
 F - a potion of degeneration {unknown}
 G - a potion of ambrosia {unknown}
 L - a potion of mutation {unknown}
Books
 b - a book of Flames

   Spells                             Type                      Level
   a - Flame Tongue                   Conjuration/Fire             1
   b - Throw Flame                    Conjuration/Fire             2
   c - Conjure Flame                  Conjuration/Fire             3
   d - Inner Flame                    Hexes/Fire                   3
   e - Sticky Flame                   Conjuration/Fire             4
   f - Fireball                       Conjuration/Fire             5
 l - a book of Cantrips

   Spells                             Type                      Level
   a - Confusing Touch                Hexes                        1
   b - Animate Skeleton               Necromancy                   1
   c - Summon Small Mammal            Summoning                    1
   d - Apportation                    Translocation                1
 x - a book of Conjurations

   Spells                             Type                      Level
   a - Magic Dart                     Conjuration                  1
   b - Searing Ray                    Conjuration                  2
   c - Dazzling Spray                 Conjuration/Hexes            3
   d - Fulminant Prism                Conjuration/Hexes            4
   e - Force Lance                    Conjuration/Translocation    4
   f - Iskenderun's Mystic Blast      Conjuration                  4
Miscellaneous
 K - a fan of gales
Comestibles
 a - 5 chunks of flesh
 c - 10 rations


   Skills:
 - Level 5.9 Slings
 - Level 2.1 Dodging
 - Level 2.1 Stealth
 + Level 8.2 Spellcasting
 - Level 0.7 Conjurations
 - Level 3.4 Necromancy
 + Level 12.1 Fire Magic


You had 17 spell levels left.
You knew the following spells:

 Your Spells              Type           Power        Failure   Level  Hunger
a - Flame Tongue          Conj/Fire      ####.        1%          1    None
b - Animate Skeleton      Necr           N/A          2%          1    None
c - Inner Flame           Hex/Fire       ####....     2%          3    #......
d - Sticky Flame          Conj/Fire      ####....     8%          4    ###....


Dungeon Overview and Level Annotations

Branches:
Dungeon (9/15)             Temple (1/1) D:4            Lair (1/6) D:8
    Orc: D:9-12

Altars:
Ashenzari
Cheibriados
Dithmenos
Elyvilon
Fedhas
Gozag
Hepliaklqana
Kikubaaqudgha
Makhleb
Nemelex Xobeh
Okawaru
Qazlal
Ru
Sif Muna
Trog
Uskayaw
Vehumet
Wu Jian
Xom
Yredelemnul
Zin
The Shining One

Shops:
D:6 !   D:7 }%!   D:8 *

Annotations:
D:3 2 transporters
D:4 Sigmund


Innate Abilities, Weirdness & Mutations

You are small and have problems with some larger weapons.
You are somewhat resistant to further mutation.
Your life essence is reduced to manifest your ancestor. (-10% HP)


Message History

BigDick is destroyed!
You swap places.
Your spriggan skeleton hits the crocodile!
Your bullfrog skeleton hits the crocodile.
You see here 4 chunks of flesh.
Casting: Animate Skeleton
Confirm with . or Enter, or press ? or * to list all spells.
Aiming: Inner Flame
Press: ? - help, Shift-Dir - straight line, f - bullfrog skeleton, p - crocodile
Aim: a bullfrog skeleton (friendly, chance to defeat MR: 89%)
Your bullfrog skeleton is filled with an inner flame.
Your bullfrog skeleton hits the crocodile.
The crocodile bites your bullfrog skeleton!
Your spriggan skeleton hits the crocodile.
The crocodile dies!
The spriggan throws a stone.
The stone hits your bullfrog skeleton!
Your bullfrog skeleton explodes!
You smell burning wood.
The fiery explosion engulfs you!
Ouch! That really hurt!
You die...

♣ ♣ ♣. ♣♣.♣
♣.♣♣ ...♣ ♣..
♣..♣ ..#
♣.♣♣♣♣♣k..♣...
..#
♣..♣♣Z§i......
#.#
♣..♣§♣).....♣
####.#
♣♣♣Z♣@♣♣..)..♣♣
....>#
♣♣♣♣.ZR♣♣♣
...♣♣♣ .....#
♣♣.♣.♣[♣♣ ♣♣.♣
#....#♣♣...♣♣♣♣
.. ####.#♣..♣♣♣
i.. .....#♣.♣♣
♣... ...P..[.♣
♣♣ ...#.#♣♣♣
.....#


You could see a rime drake, a spriggan and a friendly spriggan skeleton.

Vanquished Creatures
  A gargoyle (D:8)
  4 blink frogs (Lair:1)
  4 spriggans (Lair:1)
  A basilisk (Lair:1)
  Grum (D:9)
  An orc warrior (D:8)
  2 ice beasts (D:6)
  A phantom (D:5)
  4 ogres
  2 wolves (D:9)
  3 centaurs
  2 big kobolds (D:9)
  A bullfrog (Lair:1)
  An elf zombie (Ossuary)
  2 scorpions
  A wight (D:7)
  4 electric eels (D:7)
  2 crimson imps
  A centaur zombie (Ossuary)
  5 hounds
  2 orc priests
  3 orc wizards
  A bullfrog skeleton (D:6)
  5 iguanas
  6 worker ants
  2 big kobold zombies (Ossuary)
  5 hound zombies
  A howler monkey zombie (D:7)
  4 mummies
  An ancestor (D:5)
  3 gnolls
  8 adders
  A shadow imp (D:6)
  4 adder zombies (Ossuary)
  4 worms
  2 dart slugs
  3 leopard geckos
  14 orcs
  2 ball pythons
  8 giant cockroaches
  4 gnoll zombies
  5 goblins
  10 hobgoblins
  7 jackals
  2 quokkas
  9 bats
  6 frilled lizards
  2 goblin zombies (Ossuary)
  3 hobgoblin zombies (Ossuary)
  A jackal zombie (Ossuary)
  16 kobolds
  5 kobold zombies (Ossuary)
  3 orc zombies (Ossuary)
  4 quokka zombies
  11 rats
  3 rat zombies (Ossuary)
213 creatures vanquished.

Vanquished Creatures (collateral kills)
  Erolcha (D:9)
  Prince Ribbit (D:8)
  2 blink frogs (Lair:1)
  2 hippogriffs (Lair:1)
  2 spriggans (Lair:1)
  A wyvern (D:8)
  A water moccasin (Lair:1)
  A porcupine (D:8)
  A black bear (D:9)
  A sky beast (D:8)
  A phantom (D:8)
  2 crocodiles
  2 bullfrogs
  2 scorpions
  A water moccasin skeleton (D:6)
  3 wights (D:7)
  An electric eel (D:7)
  A jelly (D:5)
  A bullfrog zombie (D:6)
  A quasit (D:7)
  An orc wizard (D:9)
  A worker ant (D:7)
  A hound zombie (D:6)
  5 gnolls
  An adder (D:9)
  An ooze (D:6)
  An orc (D:6)
  5 kobolds (D:9)
44 creatures vanquished.

Vanquished Creatures (others)
  4 knights
  2 ancestors (D:6)
  5 fungi
  4 plants
15 creatures vanquished.

Grand Total: 272 creatures vanquished

Notes
Turn   | Place    | Note
-------+----------+-------------------------------------------
     0 | D:1      | Jannitor the Halfling Fire Elementalist began the quest for the Orb.
     0 | D:1      | Reached XP level 1. HP: 11/11 MP: 3/3
   304 | D:1      | Reached XP level 2. HP: 17/17 MP: 1/4
  1057 | D:2      | Reached skill level 4 in Fire Magic
  1057 | D:2      | Reached XP level 3. HP: 17/21 MP: 2/5
  1442 | D:2      | Found a hide-covered altar of Uskayaw.
  1453 | D:2      | Found a sacrificial altar of Ru.
  1862 | D:2      | Reached XP level 4. HP: 27/27 MP: 3/6
  2010 | D:2      | Reached skill level 5 in Fire Magic
  2072 | D:2      | Found a burning altar of Makhleb.
  2112 | D:2      | Found a glowing golden altar of the Shining One.
  2826 | D:3      | Found a snail-covered altar of Cheibriados.
  2827 | D:3      | Found a transporter.
  2837 | D:3      | Reached XP level 5. HP: 31/31 MP: 3/7
  3257 | D:3      | Noticed an ogre
  3265 | D:3      | Killed an ogre
  3265 | D:3      | Reached skill level 6 in Fire Magic
  3265 | D:3      | Reached XP level 6. HP: 36/36 MP: 4/8
  3503 | D:3      | Found a shadowy altar of Dithmenos.
  3516 | D:3      | Noticed an ice beast
  3520 | D:3      | Found a transporter.
  3535 | D:3      | Learned a level 1 spell: Animate Skeleton
  3539 | D:3      | Learned a level 3 spell: Inner Flame
  3846 | D:4      | Found a staircase to the Ecumenical Temple.
  3949 | Temple   | Entered the Ecumenical Temple
  4068 | Temple   | Became a worshipper of Hepliaklqana the Forgotten
  4553 | D:4      | Noticed Sigmund
  4854 | D:4      | Reached skill level 1 in Slings
  4997 | D:5      | Entered Level 5 of the Dungeon
  5025 | D:5      | Reached skill level 1 in Necromancy
  5025 | D:5      | Reached XP level 7. HP: 32/36 MP: 8/10
  5105 | D:5      | Found a burning altar of Makhleb.
  5426 | D:5      | Reached * piety under Hepliaklqana
  5500 | D:5      | Found an iron altar of Okawaru.
  5558 | D:5      | Reached skill level 7 in Fire Magic
  6281 | D:6      | Reached XP level 8. HP: 39/41 MP: 1/11
  6875 | D:6      | Found Asiulang's Distillery.
  6880 | D:6      | Bought 2 potions of heal wounds for 140 gold pieces
  6880 | D:6      | Bought a potion of lignification for 42 gold pieces
  6880 | D:6      | Bought a potion of invisibility for 112 gold pieces
  6997 | D:5      | Reached skill level 5 in Slings
  7630 | D:7      | Reached skill level 8 in Fire Magic
  7630 | D:7      | Reached XP level 9. HP: 14/45 MP: 9/14
  7774 | D:7      | Found Nivo's Gadget Emporium.
  7822 | D:7      | Found a sand-covered staircase.
  7925 | Ossuary  | Entered an ossuary
  8821 | D:7      | Found Ohiemmuah's Distillery.
  8891 | D:7      | Found Idghourch's Food Boutique.
  8907 | D:7      | Bought a potion of brilliance for 56 gold pieces
  9070 | D:7      | Reached skill level 9 in Fire Magic
 10237 | D:8      | Found Zin's Purification Station.
 10238 | D:8      | Found a glowing silver altar of Zin.
 10272 | D:8      | Reached ** piety under Hepliaklqana
 10273 | D:8      | Remembered your ancestor BigDick as a knight
 10296 | D:8      | Reached skill level 5 in Spellcasting
 10438 | D:8      | Found a shimmering altar of Xom.
 10438 | D:8      | Found a faded altar of an unknown god.
 10451 | D:8      | Found a blossoming altar of Fedhas.
 10453 | D:8      | Found an ornate altar of the Wu Jian Council.
 10455 | D:8      | Found a sparkling altar of Nemelex Xobeh.
 10496 | D:8      | Reached XP level 10. HP: 36/50 MP: 8/18
 10635 | D:8      | Found a staircase to the Lair.
 10787 | D:8      | Found a white marble altar of Elyvilon.
 10791 | D:8      | Reached skill level 10 in Fire Magic
 10901 | D:8      | Learned a level 4 spell: Sticky Flame
 11193 | D:9      | Noticed Grum
 11545 | D:9      | Found a basalt altar of Yredelemnul.
 11654 | D:9      | Noticed Erolcha
 11788 | D:9      | Killed Grum
 11955 | D:9      | Killed Erolcha
 12285 | D:8      | Noticed a gargoyle
 12301 | D:8      | Killed a gargoyle
 12301 | D:8      | Reached skill level 11 in Fire Magic
 12378 | Lair:1   | Entered Level 1 of the Lair of Beasts
 12378 | Lair:1   | Noticed Prince Ribbit
 12387 | D:8      | Killed Prince Ribbit
 12408 | Lair:1   | Reached XP level 11. HP: 21/54 MP: 2/22
 12868 | Lair:1   | Reached skill level 12 in Fire Magic
 12895 | Lair:1   | Killed from afar by a bullfrog skeleton

Skill      XL: |  1  2  3  4  5  6  7  8  9 10 11 |
---------------+----------------------------------+-----
Fire Magic     | 4 5 6 7 8 9 11 12 | 12.1
Slings         | 1 3 5 |  5.9
Spellcasting   | 2 3 5 7 8 |  8.2
Necromancy     | 1 2 3 |  3.4
Dodging        | |  2.1
Stealth        | |  2.1
Conjurations   | |  0.7

Action                   |  1- 3 |  4- 6 |  7- 9 | 10-12 || total
-------------------------+-------+-------+-------+-------++-------
Melee: Short sword       |       |       |       |     1 ||     1
 Fire: Hunting sling     |    38 |   130 |   226 |    89 ||   483
 Cast: Flame Tongue      |    52 |    66 |   278 |    51 ||   447
       Animate Skeleton  |       |     2 |    12 |    12 ||    26
       Inner Flame       |       |       |     6 |     8 ||    14
       Sticky Flame      |       |       |       |    12 ||    12
Invok: Recall Ancestor   |       |     1 |     2 |       ||     3
       Ancestor Identity |       |     1 |       |       ||     1
       Ancestor Life: Kn |       |       |     1 |       ||     1
  Use: Scroll            |       |     2 |     4 |     3 ||     9
       Potion            |       |       |     6 |     3 ||     9
  Eat: Chunk             |     4 |     9 |    15 |     9 ||    37
       Ration            |       |     1 |     1 |       ||     2
Armor: Robe              |     4 |     7 |    35 |     9 ||    55
Dodge: Dodged            |    25 |    91 |   180 |    49 ||   345
Block: Other             |       |       |    14 |    15 ||    29
       Reflection        |       |       |       |     3 ||     3
